 Dungeon Crawl Stone Soup version 0.29.1-15-g9cfb28693d (webtiles) character file.

Game seed: 8426534010577402038

9 KittyFluff the Trooper (level 2, -1/28 HPs)
             Began as a Gargoyle Berserker on Apr 16, 2023.
             Was a Follower of Trog.
             Slain by a kobold
             ... wielding a +0 club
              (3 damage)
             ... on level 1 of the Dungeon.
             The game lasted 00:01:09 (190 turns).

KittyFluff the Trooper (Gargoyle Berserker)          Turns: 190, Time: 00:01:10

Health: -1/28      AC:  5    Str: 20    XL:     2   Next: 12%
Magic:  2/2        EV:  8    Int:  7    God:    Trog [*.....]
Gold:   0          SH:  0    Dex:  9    Spells: 1/1 levels left

rFire   . . .      SeeInvis .   a - +0 mace
rCold   . . .      Faith    .   (no shield)
rNeg    + . .      Spirit   .   b - +0 animal skin
rPois   ∞          Reflect  .   (no helmet)
rElec   +          Harm     .   (no cloak)
rCorr   .          Rampage  .   (no gloves)
Will    .....                   (no boots)
Stlth   ..........              (no amulet)
HPRegen 0.09/turn               (no ring)
MPRegen 0.08/turn               (no ring)

@: berserking, constricted, very quick
A: sickness immunity, AC +2, negative energy resistance 1, electricity
resistance, torment resistance 1, petrification resistance
a: Renounce Religion, Berserk


You were on level 1 of the Dungeon.
You worshipped Trog.
Trog was aware of your devotion.
You visited 1 branch of the dungeon, and saw 1 of its levels.

Inventory:

Hand Weapons
 a - a +0 mace (weapon)
Armour
 b - a +0 animal skin (worn)
Potions
 c - a potion of mutation {unknown}
 d - 2 potions of might {unknown}


   Skills:
 + Level 3.4 Fighting
 + Level 3.3 Maces & Flails
 * Level 2.3 Armour
 + Level 1.6 Dodging


You had one spell level left.
You didn't know any spells.
Your spell library was empty.

Dungeon Overview and Level Annotations

Branches:
Dungeon (1/15)

Altars:


Innate Abilities, Weirdness & Mutations

You are immune to sickness and miasma.
Your stone body is resilient. (AC +2)
You are immune to poison.
You resist negative energy. (rN+)
You are resistant to electric shocks. (rElec)
You are resistant to unholy torment.
You are immune to petrification.


Message History

The ball python bites you but does no damage.
The ball python constricts you. The kobold hits you with a +0 club.
* * * LOW HITPOINT WARNING * * *
The ball python closely misses you. The ball python constricts you.
You closely miss the ball python.
The ball python bites you but does no damage.
The ball python closely misses you. The ball python constricts you.
The kobold barely misses you.
You barely miss the ball python. The ball python closely misses you.
The ball python bites you but does no damage.
The ball python constricts you. The kobold hits you but does no damage.
The ball python barely misses you.
The ball python bites you but does no damage.
The ball python constricts you.
* * * LOW HITPOINT WARNING * * *
The kobold hits you with a +0 club.
* * * LOW HITPOINT WARNING * * *
A red film seems to cover your vision as you go berserk!
You feel yourself moving faster!
You feel mighty!
The ball python bites you but does no damage.
The ball python barely misses you. The ball python constricts you.
The kobold hits you but does no damage.
You barely miss the ball python. The ball python closely misses you.
The ball python bites you but does no damage.
The ball python constricts you.
You barely miss the ball python. The kobold hits you but does no damage.
The ball python bites you but does no damage.
The ball python closely misses you. The ball python constricts you.
* * * LOW HITPOINT WARNING * * *
You thump the ball python!
You kill the ball python!
Trog accepts your kill. The kobold hits you with a +0 club.
* * * LOW HITPOINT WARNING * * *
The ball python bites you but does no damage.
The ball python constricts you.
You barely miss the ball python.
The ball python bites you but does no damage.
The ball python constricts you. The kobold hits you with a +0 club.
You die...

#. #...... #.
#.## ..... #.
##..#### ##....
#. ##.......
#.....#.
##.#..####
#....#. #.⌠.#.#
#.....# #.#.#..#
#...KS####
####.##
#...@).##.♣.##.##
##......##.##.##
##.......#..##
#####.......#
##...##.#
###....# ######


You could see a ball python and a kobold.

Vanquished Creatures
  An endoplasm (D:1)
  A giant cockroach (D:1)
  A goblin (D:1)
  A kobold (D:1)
  A quokka (D:1)
  2 ball pythons (D:1)
7 creatures vanquished.

Notes
Turn   | Place    | Note
-------+----------+-------------------------------------------
     0 | D:1      | KittyFluff the Gargoyle Berserker began the quest for the
                  | Orb.
     0 | D:1      | Reached XP level 1. HP: 14/14 MP: 1/1
   179 | D:1      | Reached XP level 2. HP: 12/19 MP: 2/2
   190 | D:1      | Slain by a kobold

Illustrated notes

Levels and vault maps discovered:
D:1:      saegor_arrival_simple_b, layout_rooms, grunt_decor_mini_mirrors

Action                   || total
-------------------------++-------
Melee: Mace              ||    20
Invok: Berserk           ||     1
Armor: Animal skin       ||    18
Dodge: Dodged            ||    17
